 Dungeon Crawl Stone Soup version 0.19.5 (webtiles) character file.

13133 Jerry the Carver (level 12, 0/65 HPs)
             Began as a Vine Stalker Chaos Knight on Apr 10, 2017.
             Splashed by an oklob plant's acid (11 damage)
             ... on level 2 of the Lair of Beasts.
             The game lasted 00:38:51 (8645 turns).

Jerry the Carver (Vine Stalker Chaos Knight)        Turns: 8645, Time: 00:38:52

Health: 0/65       AC:  3    Str: 19    XL:     12   Next: 2%
Magic:  0/13       EV: 14    Int:  8    God:    Xom [...*..]
Gold:   630        SH:  0    Dex: 12    Spells: 1 memorised, 5 levels left

rFire  . . .     SeeInvis .     I - +7 short sword "Unal" {freeze, rElec rPois MR- Stlth+}
rCold  + + .     Gourm    .     b - +1 troll leather armour {Purgy}
rNeg   + + .     Faith    .     (no shield)
rPois  +         Spirit   +     (helmet restricted)
rElec  +         Reflect  .     p - +0 cloak
rCorr  .         Harm     .     d - +0 pair of gloves
MR     +++++                    y - +1 pair of boots of Gallantry {rN++ MR+++ Int-4 Dex-4}
Stlth  +++.......               (no amulet)
                                s - ring "Hero's Friend" {Fire Str-2 Slay+2 Stlth+}
                                l - ring "Urghaj" {Ice rElec MR+ Str+3}

@: corroded
A: antennae 1, claws 1, fangs 3, blurry vision 1, cold resistance 2, magic
resistance 1, regeneration 3, magic shield, antimagic bite, no device heal 3,
rot immunity, subdued magic 2
a: Renounce Religion


You were on level 2 of the Lair of Beasts.
You worshipped Xom.
You were a favourite toy of Xom.
You were not hungry.

You visited 2 branches of the dungeon, and saw 11 of its levels.
You also visited: Sewer and Bailey.

You collected 630 gold pieces.

Inventory:

Hand Weapons
 I - the +7 short sword "Unal" (weapon) {freeze, rElec rPois MR- Stlth+}
   (You found it on level 6 of the Dungeon)

   It has been specially enchanted to freeze those struck by it, causing extra
   injury to most foes and up to half again as much damage against particularly
   susceptible opponents.
   It can also slow down cold-blooded creatures.
   It insulates you from electricity.
   It protects you from poison.
   It affects your resistance to hostile enchantments.
   It makes you more stealthy.
 Y - a +2 scimitar of flaming
Missiles
 k - 15 javelins (quivered)
Armour
 b - a +1 troll leather armour (worn) {Purgy}
 d - a +0 pair of gloves (worn)
 h - +0 storm dragon scales
 n - a +0 helmet of see invisible
 p - a +0 cloak (worn)
 t - a +0 ring mail
 w - a +0 buckler
 y - the +1 pair of boots of Gallantry (worn) {rN++ MR+++ Int-4 Dex-4}
   (You found it on level 5 of the Dungeon)

   It affects your intelligence (-4).
   It affects your dexterity (-4).
   It greatly protects you from negative energy.
   It affects your resistance to hostile enchantments.
Magical Staves
 V - a cursed staff of death {unknown}
Jewellery
 l - the ring "Urghaj" (left hand) {Ice rElec MR+ Str+3}
   (Xom gifted it to you on level 1 of the Dungeon)

   [ring of ice]

   It enhances your ice magic.
   It affects your strength (+3).
   It makes you vulnerable to fire.
   It protects you from cold.
   It insulates you from electricity.
   It affects your resistance to hostile enchantments.
 s - the ring "Hero's Friend" (right hand) {Fire Str-2 Slay+2 Stlth+}
   (You found it on level 4 of the Dungeon)

   [ring of fire]

   It enhances your fire magic.
   It affects your strength (-2).
   It affects your accuracy and damage with ranged weapons and melee attacks
   (+2).
   It protects you from fire.
   It makes you vulnerable to cold.
   It makes you more stealthy.
Wands
 i - a wand of acid (1/15)
 F - a wand of teleportation (2/9)
Scrolls
 v - a scroll of amnesia
 x - 2 scrolls of fear
 B - 4 scrolls of teleportation
 C - a scroll of enchant armour
 H - a scroll of remove curse
 T - a scroll of silence {unknown}
 U - a scroll of fog {unknown}
 Z - a scroll of blinking {unknown}
Potions
 e - 4 potions of flight
 m - a potion of might {unknown}
 o - 2 potions of curing
 q - 4 potions of agility {unknown}
 r - a potion of lignification {unknown}
 z - 3 potions of haste {unknown}
 A - 2 potions of magic {unknown}
 J - a potion of invisibility {unknown}
 K - a potion of brilliance {unknown}
 X - a potion of experience {unknown}
Books
 a - a book of Conjurations

   Spells                             Type                      Level
   a - Magic Dart                     Conjuration                  1
   b - Searing Ray                    Conjuration                  2
   c - Dazzling Spray                 Conjuration/Hexes            3
   d - Fulminant Prism                Conjuration/Hexes            4
   e - Iskenderun's Mystic Blast      Conjuration                  4
   f - Iskenderun's Battlesphere      Conjuration/Charms           5
 D - a book of Transfigurations

   Spells                             Type                      Level
   a - Irradiate                      Conjuration/Transmutation    5
   b - Statue Form                    Transmutation/Earth          6
   c - Hydra Form                     Transmutation                6
   d - Dragon Form                    Transmutation                7
 N - a book of Changes

   Spells                             Type                      Level
   a - Beastly Appendage              Transmutation                1
   b - Sticks to Snakes               Transmutation                2
   c - Spider Form                    Transmutation/Poison         3
   d - Ice Form                       Ice/Transmutation            4
   e - Blade Hands                    Transmutation                5
Comestibles
 c - 10 bread rations
 f - 7 slices of pizza
 g - 11 meat rations
 j - 22 fruits
 O - 4 chunks of flesh
 Q - a royal jelly


   Skills:
 + Level 8.6 Fighting
 * Level 11.7 Long Blades
 + Level 7.4 Armour
 + Level 5.8 Dodging


You had 5 spell levels left.
You knew the following spells:

 Your Spells              Type           Power        Failure   Level  Hunger
a - Statue Form           Tmut/Erth      #........    100%        6    #######


Dungeon Overview and Level Annotations

Branches:
Dungeon (9/15)             Temple (0/1) D:7            Lair (2/6) D:8
  Swamp: Lair:2-4    Shoals: Lair:2-4     Snake: Lair:2-4    Spider: Lair:2-4
    Orc: D:9-12

Altars:
Ashenzari
Dithmenos
Elyvilon
Kikubaaqudgha
Nemelex Xobeh
Qazlal
Trog
Vehumet
Yredelemnul
The Shining One

Annotations:
Lair:2 exclusion: oklob plant


Innate Abilities, Weirdness & Mutations

You have razor-sharp teeth.
You regenerate.
When hurt, damage is shared between your health and your magic reserves.
Your bite disrupts and absorbs the magic of your enemies.
Potions and wands cannot restore your health.
You are immune to rotting.
You have a pair of small antennae on your head.
You have sharp fingernails.
Scrolls take you a little longer to read.
Your flesh is very cold resistant. (rC++)
You are resistant to hostile enchantments. (MR+)
Your spells are easier to cast, but less powerful.


Message History

You hit the oklob plant but do no damage.
You bite the oklob plant, but do no damage.
The oklob plant is severely damaged.
You puncture the oklob plant! You freeze the oklob plant.
The oklob plant is almost destroyed.
The oklob plant spits acid at you. The splash of acid hits you!
The acid corrodes you!
You are splashed with acid!
The acid burns!
* * * LOW HITPOINT WARNING * * *
You hit the oklob plant but do no damage.
You bite the oklob plant, but do no damage.
The oklob plant is almost destroyed.
You hit the oklob plant but do no damage.
The oklob plant is almost destroyed.
The oklob plant spits acid at you. The splash of acid hits you!
* * * LOW HITPOINT WARNING * * *
You are splashed with acid!
The acid burns!
You die...
Xom chuckles heartily!

##......####
###......#
#.#.....##
#.[.=...###
#.....(..P##
########..##....###
#?.$.†#...###.....#
#.?$##.#..# ##.....
#P@.####### ##....
##### ##... ##..
##. #. ## #. #. #..


You could see an oklob plant.

Vanquished Creatures
  A hydra (D:8)
  Fannar (Lair:1)
  Erica (Lair:1)
  The ghost of Dumah the Thaumaturge, a novice DEEn of Kikubaaqudgha (D:8)
  The ghost of Tyryt0 the Archer, a novice DgHu (Bailey)
  An orc knight (Bailey)
  A spiny frog (Lair:1)
  3 komodo dragons (Lair:1)
  4 blink frogs (Lair:1)
  2 dream sheep (D:8)
  4 hippogriffs
  Sigmund (D:6)
  2 yaks (D:8)
  Eustachio (D:5)
  A fire bat (D:4)
  5 water moccasins
  9 porcupines
  Duvessa (D:7)
  9 orc warriors
  2 sky beasts
  2 ice beasts
  Purgy (D:2)
  2 ogres
  A phantom (D:7)
  4 centaurs
  4 crocodiles
  3 big kobolds
  3 bullfrogs
  Dowan (D:7)
  2 scorpions
  5 killer bees (D:9)
  5 howler monkeys
  2 centaur zombies
  5 crimson imps
  A bullfrog zombie (D:6)
  2 jellies
  A centaur skeleton (D:6)
  6 orc priests
  2 hounds
  4 orc wizards
  Crazy Yiuf (D:2)
  A bullfrog skeleton (D:4)
  An iguana (D:5)
  Ijyb (D:2)
  Terence (D:2)
  Natasha (twice) (D:2)
  6 worker ants
  A hound skeleton (D:5)
  A worker ant zombie (D:2)
  Robin (D:1)
  4 gnolls (D:5)
  2 howler monkey skeletons (D:2)
  11 adders
  A river rat (D:6)
  An adder zombie (D:2)
  2 adder skeletons (D:2)
  4 worms
  4 dart slugs
  3 leopard geckos
  33 orcs
  4 ball pythons
  2 bat skeletons (D:2)
  3 bat zombies (D:2)
  4 giant cockroaches
  20 goblins
  14 hobgoblins
  8 jackals
  22 kobolds
  10 quokkas
  6 bats
  8 frilled lizards
  A giant cockroach zombie (D:2)
  A jackal zombie (D:2)
  3 quokka skeletons
  13 rats
307 creatures vanquished.

Vanquished Creatures (collateral kills)
  An orc warrior (D:6)
  A big kobold (D:8)
  An orc priest (D:6)
  A worker ant (D:6)
  An adder zombie (D:2)
  A dart slug (D:2)
  An orc (D:6)
  A quokka skeleton (D:2)
8 creatures vanquished.

Vanquished Creatures (others)
  A leopard gecko (D:3)
  A fungus (Lair:2)
2 creatures vanquished.

Grand Total: 317 creatures vanquished

Notes
Turn   | Place    | Note
-------+----------+-------------------------------------------
     0 | D:1      | Jerry the Vine Stalker Chaos Knight began the quest for the Orb.
     0 | D:1      | Reached XP level 1. HP: 11/11 MP: 2/2
   180 | D:1      | XOM: mild Divn miscast
   427 | D:1      | Reached skill level 3 in Long Blades
   494 | D:1      | Reached XP level 2. HP: 12/16 MP: 1/3
   496 | D:1      | XOM: silly message
   752 | D:1      | XOM: cloud trail
   828 | D:1      | Reached XP level 3. HP: 18/19 MP: 2/4
  1298 | D:1      | XOM: god gift: brightly glowing wooden ring {god gift}
  1299 | D:1      | Got a brightly glowing wooden ring {god gift}
  1300 | D:1      | Identified the ring "Urghaj" {Ice rElec MR+ Str+3} (Xom gifted it to you on level 1 of the Dungeon)
  1399 | D:2      | Noticed Robin
  1576 | D:1      | Killed Robin
  1576 | D:1      | Gained mutation: Your natural rate of healing is unusually fast. [Vine Stalker growth]
  1576 | D:1      | Reached XP level 4. HP: 19/24 MP: 5/5
  1661 | D:2      | Noticed Ijyb
  1661 | D:2      | Noticed Terence
  1662 | D:2      | XOM: summons 2 friendly demons
  1684 | D:2      | Killed Ijyb
  1684 | D:2      | Reached skill level 4 in Long Blades
  1691 | D:2      | XOM: potion effect (haste)
  1695 | D:2      | XOM: summons friendly iron imp
  1719 | D:2      | XOM: blink monster(s)
  1721 | D:2      | Reached XP level 5. HP: 19/28 MP: 6/6
  1725 | D:2      | Killed Terence
  1817 | D:2      | Noticed Natasha
  1834 | D:2      | Killed Natasha
  1913 | D:2      | Found a runed door.
  1917 | D:2      | Noticed Crazy Yiuf
  1925 | D:2      | Killed Crazy Yiuf
  2023 | D:2      | Reached XP level 6. HP: 33/33 MP: 7/7
  2260 | D:2      | Noticed Natasha
  2266 | D:2      | Killed Natasha
  2386 | D:2      | Gained mutation: Your spells are a little easier to cast, but a little less powerful. [potion of mutation]
  2386 | D:2      | Gained mutation: You have sharp toenails. [potion of mutation]
  2386 | D:2      | Gained mutation: You heal very quickly. [potion of mutation]
  2493 | D:3      | XOM: harmless Pois miscast
  2498 | D:3      | XOM: blink monster(s)
  2501 | D:3      | Reached skill level 5 in Long Blades
  2602 | D:3      | Found a sparkling altar of Nemelex Xobeh.
  2706 | D:3      | Noticed Purgy
  2725 | D:3      | XOM: enchant monster (bad)
  2730 | D:3      | XOM: harmless Divn miscast
  2745 | D:2      | XOM: give mutation
  2745 | D:2      | Lost mutation: You have sharp toenails. [Xom's mischief]
  2753 | D:2      | Killed Purgy
  2753 | D:2      | Reached XP level 7. HP: 21/37 MP: 5/8
  3023 | D:4      | Got a wavering brass ring
  3024 | D:4      | Identified the ring "Hero's Friend" {Fire Str-2 Slay+2 Stlth+} (You found it on level 4 of the Dungeon)
  3063 | D:4      | Found a stormy altar of Qazlal.
  3064 | D:4      | XOM: medium Necr miscast
  3115 | D:4      | Noticed a fire bat
  3115 | D:4      | an ogre changed into a fire bat
  3122 | D:4      | Killed a fire bat
  3154 | D:4      | XOM: mild Divn miscast
  3267 | D:4      | Found a glowing golden altar of the Shining One.
  3353 | D:5      | Entered Level 5 of the Dungeon
  3433 | D:5      | XOM: 4-stop teleportation journey
  3450 | D:5      | Got a pair of ichor-stained boots
  3456 | D:5      | Identified the +1 pair of boots of Gallantry {rN++ MR+++ Int-4 Dex-4} (You found it on level 5 of the Dungeon)
  3469 | D:5      | XOM: chaos upgrade
  3477 | D:5      | Reached skill level 6 in Long Blades
  3603 | D:5      | Gained mutation: You have razor-sharp teeth. [Vine Stalker growth]
  3603 | D:5      | Reached XP level 8. HP: 41/42 MP: 7/9
  3724 | D:5      | Noticed Eustachio
  3739 | D:5      | Killed Eustachio
  3739 | D:5      | Reached skill level 5 in Fighting
  3827 | D:5      | XOM: summons 4 hostile demons
  3903 | D:5      | XOM: give mutations
  3903 | D:5      | Gained mutation: You have a pair of small antennae on your head. [Xom's grace]
  3903 | D:5      | Gained mutation: Your mind is acute. (Int +2) [Xom's grace]
  3903 | D:5      | Gained mutation: You passively map a small area around you. [Xom's grace]
  3972 | D:5      | XOM: cloud trail
  3979 | D:6      | Noticed Sigmund
  3982 | D:6      | XOM: confuse monster(s)
  4005 | D:6      | XOM: divination: detect items
  4012 | D:6      | Killed Sigmund
  4012 | D:6      | Reached skill level 7 in Long Blades
  4012 | D:6      | Reached skill level 1 in Dodging
  4015 | D:6      | XOM: summons 5 friendly demons
  4021 | D:6      | XOM: god gift: trident {god gift}
  4145 | D:6      | XOM: enchant monster (good)
  4169 | D:6      | Reached XP level 9. HP: 40/48 MP: 10/10
  4214 | D:6      | Found a shattered altar of Ashenzari.
  4255 | D:6      | XOM: god gift: meat ration
  4260 | D:6      | Found a shadowy altar of Dithmenos.
  4320 | D:6      | XOM: god gift: curved wooden wand {god gift}
  4440 | D:6      | Lost mutation: Your mind is acute. (Int +2) [potion of mutation]
  4440 | D:6      | Gained mutation: Your spells are easier to cast, but less powerful. [potion of mutation]
  4440 | D:6      | Gained mutation: You are dopey. (Int -2) [potion of mutation]
  4441 | D:6      | Lost mutation: You are dopey. (Int -2) [potion of mutation]
  4441 | D:6      | Gained mutation: Your flesh is cold resistant. (rC+) [potion of mutation]
  4441 | D:6      | Gained mutation: Scrolls take you a little longer to read. [potion of mutation]
  4569 | D:6      | Found a glowing drain.
  4573 | Sewer    | Entered a sewer
  4594 | Sewer    | Gained mutation: You have sharp fingernails. [potion of mutation]
  4594 | Sewer    | Lost mutation: You passively map a small area around you. [potion of mutation]
  4594 | Sewer    | Gained mutation: You are resistant to hostile enchantments. (MR+) [potion of mutation]
  4788 | D:6      | Got a jewelled short sword
  4789 | D:6      | Identified the +7 short sword "Unal" {freeze, rElec rPois MR- Stlth+} (You found it on level 6 of the Dungeon)
  4862 | D:7      | Reached skill level 8 in Long Blades
  4862 | D:7      | Reached skill level 5 in Armour
  4888 | D:7      | Noticed Duvessa
  4894 | D:7      | Noticed Dowan
  4899 | D:7      | Killed Duvessa
  4903 | D:7      | XOM: silly message
  4904 | D:7      | Killed Dowan
  4970 | D:7      | Found a radiant altar of Vehumet.
  5136 | D:7      | Found a staircase to the Ecumenical Temple.
  5334 | D:7      | XOM: potion effect (might)
  5623 | D:8      | Found a staircase to the Lair.
  5740 | D:8      | XOM: harmless Necr miscast
  5744 | D:8      | XOM: confusion (+ monsters)
  5792 | D:8      | XOM: medium Air miscast
  5841 | D:8      | XOM: summons 2 friendly demons
  5848 | D:8      | Reached skill level 9 in Long Blades
  5866 | D:8      | Reached XP level 10. HP: 38/53 MP: 4/11
  5922 | D:8      | Noticed a three-headed hydra
  5930 | D:8      | Killed a three-headed hydra
  5984 | D:8      | XOM: divination: detect creatures
  6009 | D:8      | XOM: give mutation
  6009 | D:8      | Gained mutation: Your flesh is very cold resistant. (rC++) [Xom's grace]
  6167 | D:8      | Found a bloodstained altar of Trog.
  6168 | D:8      | Found a basalt altar of Yredelemnul.
  6168 | D:8      | Found a white marble altar of Elyvilon.
  6168 | D:8      | Found an ancient bone altar of Kikubaaqudgha.
  6335 | D:8      | Noticed Dumah's ghost (novice DEEn)
  6344 | D:8      | Killed Dumah's ghost
  6344 | D:8      | Reached skill level 10 in Long Blades
  6688 | D:9      | Got a slimy leather armour
  6761 | D:9      | XOM: summons friendly quasit
  6923 | D:9      | Found a flagged portal.
  6934 | Bailey   | Entered a bailey
  7152 | Bailey   | Noticed Tyryt0's ghost (novice DgHu)
  7177 | Bailey   | Killed Tyryt0's ghost
  7177 | Bailey   | Reached XP level 11. HP: 51/59 MP: 10/12
  7351 | Bailey   | Found a roughly hewn altar of Beogh.
  7351 | Bailey   | Noticed an orc knight
  7375 | Bailey   | XOM: confuse monster(s)
  7381 | Bailey   | Killed an orc knight
  7459 | Bailey   | Identified the +3 leather armour of Indomitability {Str+2 Int+3} (You found it on level 9 of the Dungeon)
  7543 | D:9      | XOM: harmless Air miscast
  7650 | Lair:1   | Entered Level 1 of the Lair of Beasts
  7667 | Lair:1   | Reached skill level 5 in Dodging
  7791 | Lair:1   | Reached skill level 11 in Long Blades
  7874 | Lair:1   | Noticed Erica
  7888 | Lair:1   | Killed Erica
  7947 | Lair:1   | XOM: 2-stop teleportation journey
  8005 | Lair:1   | XOM: divination: magic mapping
  8014 | Lair:1   | XOM: destruction
  8025 | Lair:1   | XOM: divination: detect items
  8037 | Lair:1   | XOM: 4-stop teleportation journey
  8138 | Lair:1   | Noticed Fannar
  8149 | Lair:1   | XOM: cast spell 'Cause Fear'
  8163 | Lair:1   | Killed Fannar
  8561 | Lair:2   | Learned a level 6 spell: Statue Form
  8598 | Lair:2   | Gained mutation: You regenerate. [Vine Stalker growth]
  8598 | Lair:2   | Reached XP level 12. HP: 53/65 MP: 11/13
  8609 | Lair:2   | XOM: 4-stop teleportation journey
  8645 | Lair:2   | Splashed by an oklob plant's acid

Skill      XL: |  1  2  3  4  5  6  7  8  9 10 11 |
---------------+----------------------------------+-----
Long Blades    | 3 4 5 6 7 9 10 11 | 11.7
Fighting       | 3 4 5 6 7 8 |  8.6
Armour         | 2 3 4 5 6 7 |  7.4
Dodging        | 1 3 4 5 |  5.8

Action                   |  1- 3 |  4- 6 |  7- 9 | 10-12 || total
-------------------------+-------+-------+-------+-------++-------
Melee: Falchion          |    97 |   210 |   231 |       ||   538
       Bite              |    24 |    61 |    97 |   100 ||   282
       Kick              |       |    21 |       |       ||    21
       Short sword       |       |       |    65 |   360 ||   425
Throw: Javelin           |       |       |       |     4 ||     4
Evoke: Wand              |       |       |       |    20 ||    20
  Use: Scroll            |     1 |     1 |     6 |     6 ||    14
       Potion            |       |     2 |     3 |     1 ||     6
 Stab: Sleeping          |     1 |     1 |     8 |    10 ||    20
       Paralysed         |       |     3 |     1 |       ||     4
       Distracted        |       |     1 |     1 |     1 ||     3
       Petrifying        |       |       |     2 |       ||     2
       Confused          |       |       |     1 |       ||     1
       Petrified         |       |       |    12 |       ||    12
  Eat: Chunk             |     2 |     4 |    11 |    10 ||    27
Armor: Leather armour    |    32 |    50 |       |       ||    82
       Ring mail         |       |    40 |       |       ||    40
       Troll leather arm |       |       |   104 |    91 ||   195
Dodge: Dodged            |    68 |   161 |   141 |   174 ||   544
       Rpst.: Falchion   |    18 |    36 |    30 |       ||    84
